 Dungeon Crawl Stone Soup version 0.20.1-1-g8b1a95d (webtiles) character file.

57 slep the Bolt Thrower (level 3, 0/28 HPs)
             Began as a Demonspawn Wanderer on Oct 23, 2017.
             Slain by Crazy Yiuf
             ... wielding a +4 quarterstaff of chaos
              (16 damage)
             ... on level 2 of the Dungeon.
             The game lasted 00:08:25 (1276 turns).

slep the Bolt Thrower (Demonspawn Wanderer)         Turns: 1276, Time: 00:08:26

Health: 0/28       AC:  3    Str: 18    XL:     3   Next: 73%
Magic:  3/3        EV: 11    Int: 11    God:
Gold:   141        SH:  0    Dex: 14    Spells: 2/2 levels left

rFire    . . .     SeeInvis .   u - +0 short sword (drain)
rCold    . . .     Gourm    .   (no shield)
rNeg     . . .     Faith    .   k - +0 leather armour
rPois    .         Spirit   .   (helmet restricted)
rElec    .         Reflect  .   (no cloak)
rCorr    .         Harm     .   (no gloves)
MR       .....                  (no boots)
Stlth    ++........             (no amulet)
Regen    0.1/turn               (no ring)
MPRegen  0.1/turn               (no ring)

@: mighty, berserk cooldown, slowed, very slow
A: antennae 1, rot immunity
a: no special abilities


You were on level 2 of the Dungeon.
You were not hungry.

You visited 1 branch of the dungeon, and saw 3 of its levels.

You collected 141 gold pieces.

Inventory:

Hand Weapons
 a - a +2 hand crossbow
 f - a +0 dagger
 s - a +1 dagger of venom
 u - a +0 short sword of draining (weapon)
Missiles
 b - 10 bolts
 v - 2 tomahawks (quivered)
Armour
 e - a +0 robe
 k - a +0 leather armour (worn)
Scrolls
 c - a scroll of teleportation
 j - a scroll of enchant weapon {unknown}
 l - 2 scrolls of identify {unknown}
 m - a scroll of amnesia {unknown}
 n - 2 scrolls of enchant armour {unknown}
 w - 3 scrolls of magic mapping {unknown}
Potions
 d - 2 potions of lignification
 o - a potion of cancellation {unknown}
 p - a potion of ambrosia {unknown}
Comestibles
 g - 3 bread rations
 i - a royal jelly
 t - 4 chunks of flesh


   Skills:
 + Level 2.4 Fighting
 + Level 4.6 Crossbows
 + Level 1.0 Dodging
 + Level 1.9 Stealth
 + Level 1.0 Unarmed Combat


You had 2 spell levels left.
You didn't know any spells.

Dungeon Overview and Level Annotations

Branches:
Dungeon (3/15)

Altars:

Annotations:
D:2 Crazy Yiuf


Innate Abilities, Weirdness & Mutations

You have a pair of small antennae on your head.
You are immune to rotting.


Message History

Wield which item (- for none, * to show all)? (? for menu, Esc to quit)
You sense an unholy aura.
u - a +0 short sword of draining (weapon)
You feel a strong urge to attack something.
The door flies open with a bang!
Crazy Yiuf the Enlightened comes into view.
He is wielding a quarterstaff of chaos.
Crazy Yiuf shouts!
Found a mace.
You feel your anger subside.
Crazy Yiuf says, "Proton!"
There is an open door here.
You are no longer berserk.
You are exhausted.
You feel yourself slow down. Crazy Yiuf closely misses you.
You hit Crazy Yiuf.
Crazy Yiuf is lightly wounded.
Crazy Yiuf hits you with a quarterstaff of chaos!
You convulse!
Ouch! That really hurt!
You die...

..# #.PPP#
#....###.#
.÷####
##.P.#
#.....##.#
.....# ##.##
#........#
.###.# ##.#
#.....##.#
.# #.# #.##
#....###.#
.# #.# ##.#
##.#.# #.#
.# #.# #.##
#.#.# #.#
.###.##
##'## #.#†#
#.# .##.#.##
#.@.# #.#.#
#.#
.#.###.#####
#.g.#
##.#.###.#
..## ##....#
#)..#
#........#
##.###)>####
#####
#.##...###
##.#......#
#.##.#.#
##.##.####
#.##.#.#####
####.#
#.##........
#.#
#...##.#####
#.# ###.##.#
#


You could see Crazy Yiuf.

Vanquished Creatures
  2 adders (D:2)
  A dart slug (D:2)
  A leopard gecko (D:2)
  3 orcs (D:3)
  4 bats
  2 giant cockroaches
  2 goblins
  2 hobgoblins
  6 jackals
  A frilled lizard (D:2)
  3 kobolds (D:2)
  6 rats
33 creatures vanquished.

Notes
Turn   | Place    | Note
-------+----------+-------------------------------------------
     0 | D:1      | slep the Demonspawn Wanderer began the quest for the Orb.
     0 | D:1      | slep set off with: a +2 hand crossbow, 24 bolts, a scroll of teleportation, a potion of lignification, a +0 robe, a +0 dagger, a bread ration
     0 | D:1      | Reached XP level 1. HP: 16/16 MP: 1/1
   542 | D:1      | Reached skill level 4 in Crossbows
   543 | D:1      | Gained mutation: You have a pair of small antennae on your head. [demonic ancestry]
   543 | D:1      | Reached XP level 2. HP: 16/22 MP: 2/2
   862 | D:2      | You fall through a shaft!
  1019 | D:3      | Gained mutation: You are immune to rotting. [demonic ancestry]
  1019 | D:3      | Reached XP level 3. HP: 27/27 MP: 3/3
  1265 | D:2      | Found a runed door.
  1273 | D:2      | Noticed Crazy Yiuf
  1276 | D:2      | Slain by Crazy Yiuf

Skill      XL: |  1 |
---------------+----+-----
Crossbows      | 4 |  4.6
Fighting       | |  2.4
Dodging        | |  1.0
Stealth        | |  1.9
Unarmed Combat | |  1.0

Action                   || total
-------------------------++-------
Melee: Short sword       ||     1
 Fire: Hand crossbow     ||    71
  Use: Potion            ||     3
  Eat: Chunk             ||     1
Armor: Leather armour    ||     9
Dodge: Dodged            ||    23
